 Dungeon Crawl Stone Soup version 0.29.1-1-gd02db6906a (webtiles) character file.

Game seed: 16318143732293745630

61179 Colgate the Bludgeoner (level 15, -4/116 HPs)
             Began as a Formicid Hunter on Oct 4, 2022.
             Was a High Priest of Hepliaklqana.
             Engulfed by a cloud of flame (15 damage)
             ... on level 5 of the Lair of Beasts.
             The game lasted 01:23:43 (25527 turns).

Colgate the Bludgeoner (Formicid Hunter)           Turns: 25527, Time: 01:23:43

Health: -4/116     AC: 26    Str: 26    XL:     15   Next: 41%
Magic:  21/21      EV:  9    Int: 10    God:    Hepliaklqana [*****.]
Gold:   1167       SH:  5    Dex: 19    Spells: 14/14 levels left

rFire   . . .      SeeInvis +   b - +0 giant spiked club
rCold   . . .      Faith    .   (shield currently unavailable)
rNeg    . . .      Spirit   .   x - +0 shadow dragon scales
rPois   .          Reflect  +   (helmet unavailable)
rElec   .          Harm     .   s - +2 cloak {Stlth+}
rCorr   .          Rampage  +   A - +2 pair of gloves
Will    +....                   d - +2 pair of boots {rampage}
Stlth   ++++......              Q - amulet of reflection
HPRegen 0.29/turn               R - +4 ring of slaying
MPRegen 0.17/turn               T - +6 ring of strength

@: no status effects
A: reduced essence, permanent stasis, dig shafts and tunnels, antennae 3, four
strong arms
a: Dig, Shaft Self, Renounce Religion, Recall Ancestor, Ancestor Identity,
Transference, Idealise


You were on level 5 of the Lair of Beasts.
You worshipped Hepliaklqana.
Hepliaklqana was extremely pleased with you.
You visited 2 branches of the dungeon, and saw 16 of its levels.
You also visited: Sewer and Bailey.

You collected 1167 gold pieces.

Inventory:

Hand Weapons
 a - a +0 arbalest
 b - a +0 giant spiked club (weapon)
 q - a +0 halberd
 u - a +3 quarterstaff of chaos
 y - a +3 morningstar
 K - a +0 great mace
Missiles
 w - 2 curare-tipped darts
Armour
 d - a +2 pair of boots of rampaging (worn)
 s - a +2 cloak of stealth (worn)
 x - +0 shadow dragon scales (worn)
 A - a +2 pair of gloves (worn)
 M - a +0 cloak of willpower
 P - a +0 kite shield
Jewellery
 f - a +4 ring of protection
 F - a ring of ice
 O - a ring of ice
 Q - an amulet of reflection (around neck)
 R - a +4 ring of slaying (left hand)
 T - a +6 ring of strength (right hand)
 Y - a +6 ring of dexterity
Wands
 k - a wand of flame (33)
 B - a wand of quicksilver (10)
 N - a wand of charming (13)
 V - a wand of digging (2) {@v3}
Scrolls
 c - 3 scrolls of poison
 e - 4 scrolls of blinking {@r4}
 h - 4 scrolls of summoning
 n - a scroll of immolation
 p - 5 scrolls of amnesia
 C - 4 scrolls of vulnerability
 D - 4 scrolls of silence
 E - 3 scrolls of fog
 G - 2 scrolls of magic mapping {@r5}
 L - 2 scrolls of fear
 S - 4 scrolls of identify {@r1}
 U - 2 scrolls of brand weapon {unknown}
Potions
 g - a potion of lignification {unknown}
 i - 2 potions of might {unknown}
 j - 4 potions of resistance {unknown}
 l - 4 potions of heal wounds {unknown}
 m - 7 potions of curing {@q1}
 o - 3 potions of attraction {unknown}
 r - 4 potions of flight {unknown}
 t - 8 potions of mutation
 v - 2 potions of brilliance {unknown}
 z - 8 potions of haste {@q4}
 H - 3 potions of invisibility {unknown}
 I - 3 potions of magic {unknown}
 J - 3 potions of cancellation
 W - a potion of berserk rage {unknown}
 Z - a potion of ambrosia {unknown}
Miscellaneous
 X - a condenser vane (inert)


   Skills:
 + Level 15.1 Fighting
 - Level 18.0 Maces & Flails
 - Level 4.0 Ranged Weapons
 - Level 9.6 Armour
 - Level 1.7 Dodging
 - Level 2.0 Stealth
 - Level 8.0 Invocations
 - Level 7.0 Evocations


You had 14 spell levels left.
You didn't know any spells.
Your spell library contained the following spells:

 Spells                   Type           Power      Damage    Failure   Level
 Sting                    Tmut/Pois      0%         1d3       88%         1
 Poisonous Vapours        Pois/Air       0%         N/A       95%         2
 Scorch                   Fire           0%         2d5       95%         2
 Dazzling Flash           Conj/Hex       0%         N/A       99%         3
 Frozen Ramparts          Ice            0%         1d1       99%         3
 Tukima's Dance           Hex            0%         N/A       99%         3
 Animate Dead             Necr           0%         N/A       100%        4
 Flame Wave               Conj/Fire      0%         2d4       100%        4
 Ice Form                 Ice/Tmut       0%         N/A       100%        4
 Iskenderun's Mystic Bla  Conj/Tloc      0%         2d3       100%        4
 Olgreb's Toxic Radiance  Pois           0%         N/A       100%        4
 Passage of Golubria      Tloc           0%         N/A       100%        4
 Summon Ice Beast         Ice/Summ       0%         N/A       100%        4
 Silence                  Hex/Air        0%         N/A       100%        5
 Yara's Violent Unravell  Hex/Tmut       0%         3d3       100%        5
 Starburst                Conj/Fire      0%         6d3       100%        6
 Summon Cactus Giant      Summ           0%         N/A       100%        6
 Haunt                    Necr/Summ      0%         N/A       100%        7
 Infestation              Necr           0%         N/A       100%        8
 Lehudib's Crystal Spear  Conj/Erth      0%         10d2      100%        8


Dungeon Overview and Level Annotations

Branches:
Dungeon (11/15)            Temple (0/1) D:5            Lair (5/5) D:8
  Swamp (0/4) Lair:2        Snake (0/4) Lair:2          Orc (0/2) D:9
  Sewer (visited)          Bailey (visited)
  Slime: Lair:4-5

Altars:
Hepliaklqana
Kikubaaqudgha
Makhleb
Nemelex Xobeh
Vehumet

Shops:
D:5 *

Annotations:
Lair:3 2 runed translucent doors, kadoom's ghost, journeyman MiBe


Innate Abilities, Weirdness & Mutations

Your life essence is reduced to manifest your ancestor. (-10% HP)
You cannot be hasted, slowed, berserked, paralysed or teleported.
You can dig through walls and to a lower floor.
You have a pair of large antennae on your head. (SInv)
Your four strong arms can wield two-handed weapons with a shield.


Message History

You feel a bit more experienced. x2
You hear a howl!
Okay, then.
Unknown command.
Unknown command.
You barely miss the hell hound.
You are engulfed in blazing flames.
Flame seeps out of the polar bear.
You feel a bit more experienced.
Flame seeps out of the death yak.
The wolf is engulfed in poison gas.
The wolf looks even sicker.
The hell hound completely misses you.
The polar bear is engulfed in poison gas.
The polar bear looks as sick as possible!
Flame seeps out of the polar bear.
The death yak is engulfed in poison gas.
The death yak looks as sick as possible!
Flame seeps out of the death yak.
The polar bear is engulfed in poison gas.
The polar bear looks as sick as possible!
The polar bear explodes!
The fiery explosion engulfs the polar bear!!
Flame seeps out of the polar bear.
The fiery explosion engulfs the wolf!!
You kill the wolf!
You hear an angry growl.
Your Maces & Flails skill increases to level 18!
Unknown command.
Unknown command.
Okay, then.
You feel better.
You are engulfed in blazing flames.
* * * LOW HITPOINT WARNING * * *
Flame seeps out of the polar bear.
Flame seeps out of the death yak.
The hell hound barely misses you.
The death yak is engulfed in poison gas.
The death yak looks as sick as possible!
Flame seeps out of the death yak.
The polar bear is engulfed in poison gas.
The polar bear looks as sick as possible!
The polar bear explodes!
You hear a howl!
You hear an angry growl.
Unknown command.
You feel better.
You are engulfed in blazing flames.
You die...

h#.h{{{{{.#....###.....
#{.hh#hh.#§##### ####..
###..####h## # #..
#..##.#§##.## ...
#....#§#§...#. #).
#h{{°§§§......
##.{h§§....h..
###Y#...#.#.)
#@###.#### . ### ## { {


You could see a death yak (inner flame, extremely poisoned), a hell hound and a
black bear.

Vanquished Creatures
  Snorg (D:10)
  Fannar (D:10)
  7 hydras
  A boulder beetle (D:11)
  A catoblepas (Lair:2)
  6 death yaks
  A fire crab (Lair:4)
  6 elephants
  6 black mambas
  7 cane toads
  3 torpor snails
  A rime drake (Lair:5)
  5 komodo dragons
  Psyche (D:10)
  A kobold demonologist (D:11)
  A troll (D:9)
  7 polar bears
  11 blink frogs
  2 raiju (Lair:5)
  3 dream sheep (Lair:5)
  25 yaks
  5 wyverns
  4 wraiths
  A basilisk (D:11)
  3 wargs (Lair:5)
  8 water moccasins
  9 hell hounds (Lair:5)
  5 black bears
  3 centaurs
  18 wolves
  2 phantoms
  4 kobold brigands
  6 bullfrogs
  A necrophage (D:7)
  3 scorpions
  10 wights
  2 killer bees
  An electric eel (Lair:1)
  A howler monkey (D:4)
  2 hounds
  3 jellies
  Crazy Yiuf (D:2)
  4 orc priests
  An iron imp (D:7)
  Jessica (D:3)
  An iguana (D:5)
  2 orc wizards
  Robin (D:2)
  6 gnolls
  5 adders
  An ufetubus (D:5)
  3 worms
  A dart slug (D:4)
  18 orcs
  6 bats
  4 endoplasms
  3 giant cockroaches
  10 hobgoblins
  6 quokkas
  13 ball pythons
  2 frilled lizards
  12 goblins
  24 kobolds
  13 rats
326 creatures vanquished.

Vanquished Creatures (collateral kills)
  Gastronok (Lair:3)
  Josephine (Lair:3)
  3 hydras
  Erica (D:10)
  A catoblepas (Lair:2)
  A boulder beetle (Lair:4)
  A two-headed ogre (D:8)
  2 death yaks (Lair:2)
  3 elephants
  2 cyclopes (D:11)
  3 black mambas
  Maurice (D:10)
  8 cane toads
  An unseen horror (D:11)
  6 komodo dragons
  A polar bear (Lair:5)
  A troll (D:11)
  8 blink frogs
  A raiju (Lair:5)
  3 dream sheep
  A shadow (D:10)
  A wraith (Lair:3)
  20 yaks
  2 wyverns
  2 basilisks (Lair:4)
  2 steam dragons
  Edmund (D:6)
  6 water moccasins
  A hell hound (Lair:5)
  2 orc warriors
  A sky beast (D:6)
  An ice beast (D:8)
  6 black bears
  12 wolves
  3 kobold brigands
  A phantom (D:4)
  9 bullfrogs
  A gnoll sergeant (D:10)
  3 scorpions
  2 wights (D:8)
  7 killer bees
  A howler monkey (D:6)
  2 hounds
  A jelly (D:6)
  An orc priest (D:10)
  2 iron imps (D:7)
  3 iguanas
  An orc wizard (D:10)
  A hell rat (Lair:4)
  An adder (D:5)
  5 gnolls
  2 shadow imps
  2 ufetubi
  A worm (D:5)
  15 orcs
  2 endoplasms (D:4)
  A giant cockroach (Sewer)
  5 goblins
  3 hobgoblins
  4 ball pythons
  17 kobolds
203 creatures vanquished.

Vanquished Creatures (others)
  15 battlemagi
  3 ancestors (D:2)
  8 fungi
  39 plants
65 creatures vanquished.

Grand Total: 594 creatures vanquished

Notes
Turn   | Place    | Note
-------+----------+-------------------------------------------
     0 | D:1      | Colgate the Formicid Hunter began the quest for the Orb.
     0 | D:1      | Reached XP level 1. HP: 16/16 MP: 1/1
     1 | D:1      | Noticed an electric eel
   125 | D:1      | Reached XP level 2. HP: 23/23 MP: 2/2
   426 | D:1      | Reached XP level 3. HP: 29/29 MP: 3/3
   869 | D:2      | Found a runed translucent door.
   870 | D:2      | Noticed Crazy Yiuf
  1279 | D:2      | Found a faded altar of an unknown god.
  1286 | D:2      | Prayed at the altar of an unknown god.
  1286 | D:2      | Became a worshipper of Hepliaklqana the Forgotten
  1286 | D:2      | Reached * piety under Hepliaklqana
  1352 | D:2      | Noticed Robin
  1363 | D:2      | Killed Robin
  1365 | D:2      | Reached XP level 4. HP: 28/33 MP: 4/4
  2165 | D:2      | Reached skill level 5 in Fighting
  2165 | D:2      | Reached XP level 5. HP: 39/39 MP: 5/5
  2534 | D:2      | Killed Crazy Yiuf
  3130 | D:2      | Found a hazy altar of Hepliaklqana.
  3975 | D:3      | Noticed Jessica
  3977 | D:3      | Noticed a black bear
  3978 | D:3      | Killed Jessica
  3979 | D:3      | Reached XP level 6. HP: 44/46 MP: 6/6
  3981 | D:3      | Killed a black bear
  4341 | D:3      | Reached ** piety under Hepliaklqana
  4342 | D:3      | Remembered your ancestor Lucius as a battlemage
  4460 | D:3      | Reached XP level 7. HP: 51/54 MP: 7/7
  4986 | D:4      | Found a glowing drain.
  4998 | Sewer    | Entered a sewer
  5455 | D:4      | Reached XP level 8. HP: 61/61 MP: 5/8
  6887 | D:5      | Entered Level 5 of the Dungeon
  7005 | D:5      | Found a radiant altar of Vehumet.
  7105 | D:5      | Found a staircase to the Ecumenical Temple.
  7202 | D:5      | Reached *** piety under Hepliaklqana
  7636 | D:5      | Reached skill level 1 in Maces & Flails
  7652 | D:5      | Found a sparkling altar of Nemelex Xobeh.
  7663 | D:5      | Identified the +1 chain mail of Fuopp {rPois}
  7914 | D:5      | Found Fyupul's Serpentskin Sales.
  7918 | D:5      | Reached skill level 2 in Maces & Flails
  7918 | D:5      | Reached XP level 9. HP: 68/70 MP: 10/10
  7921 | D:5      | Reached skill level 3 in Maces & Flails
  8022 | D:6      | Reached skill level 4 in Maces & Flails
  8170 | D:6      | Noticed Edmund
  8174 | D:6      | Killed Edmund
  8175 | D:6      | Reached skill level 5 in Armour
  8252 | D:6      | Reached skill level 5 in Maces & Flails
  8410 | D:6      | Reached skill level 6 in Maces & Flails
  8859 | D:7      | Reached skill level 7 in Maces & Flails
  8920 | D:7      | Reached XP level 10. HP: 72/75 MP: 11/11
  8931 | D:7      | Reached skill level 8 in Maces & Flails
  9175 | D:7      | Found a burning altar of Makhleb.
  9270 | D:7      | Found a flagged portal.
  9275 | Bailey   | Entered a bailey
 10192 | D:8      | Noticed a two-headed ogre
 10196 | D:8      | Killed a two-headed ogre
 10197 | D:8      | Reached skill level 9 in Maces & Flails
 10264 | D:7      | Reached skill level 10 in Maces & Flails
 10487 | D:8      | Found a staircase to the Lair.
 10561 | D:8      | Reached **** piety under Hepliaklqana
 11026 | D:8      | Reached skill level 11 in Maces & Flails
 11036 | D:8      | Reached XP level 11. HP: 39/81 MP: 12/12
 11836 | D:9      | Reached skill level 12 in Maces & Flails
 12012 | D:9      | Found a staircase to the Orcish Mines.
 12397 | D:9      | Reached skill level 5 in Invocations
 13202 | D:10     | Entered Level 10 of the Dungeon
 13204 | D:10     | Noticed Erica
 13209 | D:10     | Killed Erica
 13210 | D:10     | Reached skill level 5 in Evocations
 13271 | D:10     | Noticed Maurice
 13276 | D:10     | Killed Maurice
 13277 | D:10     | Reached skill level 10 in Fighting
 13461 | D:10     | Noticed Psyche
 13464 | D:10     | Killed Psyche
 13464 | D:10     | Noticed Fannar
 13472 | D:10     | Killed Fannar
 13581 | D:10     | Reached XP level 12. HP: 78/87 MP: 16/16
 13587 | D:10     | Noticed Snorg
 13593 | D:10     | HP: 1/88 [Snorg (6)]
 13594 | D:10     | Killed Snorg
 14041 | D:10     | Reached ***** piety under Hepliaklqana
 14107 | D:10     | Reached skill level 13 in Maces & Flails
 15624 | D:11     | Noticed a boulder beetle
 15631 | D:11     | Killed a boulder beetle
 15917 | D:11     | Reached skill level 14 in Maces & Flails
 16916 | Lair:1   | Entered Level 1 of the Lair of Beasts
 17342 | Lair:1   | Noticed a six-headed hydra
 17348 | Lair:1   | Killed a six-headed hydra
 17349 | Lair:1   | Reached skill level 15 in Maces & Flails
 17503 | Lair:1   | Reached XP level 13. HP: 84/93 MP: 17/17
 17765 | Lair:1   | Reached skill level 16 in Maces & Flails
 19663 | Lair:2   | Noticed a seven-headed hydra
 19832 | Lair:2   | Killed a seven-headed hydra
 19994 | Lair:2   | Noticed a catoblepas
 20003 | Lair:2   | Killed a catoblepas
 20196 | Lair:2   | Found a staircase to the Swamp.
 20318 | Lair:2   | Found a staircase to the Snake Pit.
 20322 | Lair:2   | Noticed a catoblepas
 20327 | Lair:2   | Killed a catoblepas
 20948 | Lair:2   | Found a staircase to the Snake Pit.
 21020 | Lair:2   | Found a staircase to the Swamp.
 21285 | Lair:3   | Noticed Josephine
 21288 | Lair:3   | Killed Josephine
 21289 | Lair:3   | Reached XP level 14. HP: 106/106 MP: 18/18
 21385 | Lair:3   | Found an ancient bone altar of Kikubaaqudgha.
 21773 | Lair:3   | Reached ****** piety under Hepliaklqana
 21887 | Lair:3   | Found a large runed translucent door.
 21889 | Lair:3   | Found a large runed translucent door.
 21890 | Lair:3   | Noticed kadoom's ghost (journeyman MiBe)
 22005 | Lair:3   | Noticed Gastronok
 22015 | Lair:3   | Killed Gastronok
 22769 | Lair:4   | Identified the +1 ring mail of the Demon Prince {rPois rC-
                  | rCorr Int+3}
 22877 | Lair:4   | Identified the +8 short sword of the Four Stars {protect,
                  | rF- rCorr Str+9}
 22934 | Lair:4   | Reached skill level 15 in Fighting
 24572 | Lair:5   | Entered Level 5 of the Lair of Beasts
 25314 | Lair:5   | Reached XP level 15. HP: 116/116 MP: 21/21
 25474 | Lair:5   | Reached skill level 17 in Maces & Flails
 25526 | Lair:5   | Reached skill level 18 in Maces & Flails
 25527 | Lair:5   | Engulfed by a cloud of flame

Illustrated notes

Levels and vault maps discovered:
D:1:      arrival_aquarium_a, layout_basic
D:2:      layout_loops_corners, nicolae_ecumenical_pavilion, grunt_ministairs_6,
          kennysheep_generic_room_10, uniq_robin, uniq_crazy_yiuf_cottage
D:3:      layout_basic, minmay_fractal_squares_diagonal_5, uniq_jessica
D:4:      layout_loops_ring, cheibrodos_sewer_entry_bend
D:5:      layout_loops_corners, overflow_temple_1_default, marbit_many_paths,
          minmay_temple_entry_slanted, hangedman_abyss_or_decor_lesser_grid,
          guppyfry_shop_venom
D:6:      layout_loops_ring, uniq_edmund
D:7:      layout_basic, demons_altar, enter_bailey_3, st_stairs_12,
          lemuel_flamethrower_2
D:8:      layout_layer_cave, david_lair_generic, kennysheep_another_room
D:9:      layout_basic, orc_0_dummy
D:10:     layout_cave_pods, uniq_maurice, uniq_erica, uniq_snorg, uniq_fannar,
          uniq_psyche
D:11:     layout_stronghold
Lair:1:   beast_lair_carwin_large_3, layout_hall_layers, serial_bayou_pond_b
Lair:2:   layout_roguey, swamp_mist, dummy_snake_entry, grunt_megastairs_5
Lair:3:   layout_roguey, ebering_ghost_disaster_area, basic_altar,
          uniq_josephine, uniq_gastronok
Lair:4:   nzn_winding_woodlands_stair_cross
          [nzn_winding_woodlands_5x15_sawtooth,
          nzn_winding_woodlands_center_diamonds,
          nzn_winding_woodlands_5x15_river_crossing,
          nzn_winding_woodlands_5x5_perimeter,
          nzn_winding_woodlands_5x5_checkerboard,
          nzn_winding_woodlands_5x15_concentric,
          nzn_winding_woodlands_center_pierced_h,
          nzn_winding_woodlands_5x15_garden], layout_regular_city,
          kennysheep_basilisk_garden
Lair:5:   wormcave, layout_small_grid, hangedman_lair_caniforms_friends,
          dpeg_slime_entry_enclosed, special_room [special_room_jelly]

Skill      XL: |  1  2  3  4  5  6  7  8  9 10 11 12 13 14 15 |
---------------+----------------------------------------------+-----
Stealth        | 2 |  2.0
Fighting       | 3 4 5 6 7 8 9 10 13 15 | 15.1
Armour         | 4 5 6 9 |  9.6
Evocations     | 2 3 5 7 |  7.0
Invocations    | 2 6 8 |  8.0
Maces & Flails | 2 7 11 12 15 16 18 | 18.0
Ranged Weapons | |  4.0
Dodging        | |  1.7

Action                   |  1- 3 |  4- 6 |  7- 9 | 10-12 | 13-15 || total
-------------------------+-------+-------+-------+-------+-------++-------
Melee: Halberd           |    12 |    20 |       |       |       ||    32
       Quarterstaff      |       |     1 |       |       |       ||     1
       Morningstar       |       |     4 |    74 |    81 |     9 ||   168
       Punch             |       |       |     1 |       |       ||     1
       Giant spiked club |       |       |       |   107 |   256 ||   363
 Fire: Shortbow          |    49 |    58 |   125 |    24 |       ||   256
       Longbow           |       |       |       |    54 |       ||    54
       Arbalest          |       |       |       |   110 |   168 ||   278
Invok: Ancestor Life: Ba |       |     1 |       |       |       ||     1
       Recall Ancestor   |       |       |     2 |     4 |     3 ||     9
       Idealise          |       |       |       |       |     3 ||     3
 Abil: Dig               |       |       |       |     1 |     2 ||     3
Evoke: Wand              |       |       |       |       |     2 ||     2
       Condenser vane    |       |       |       |       |     1 ||     1
  Use: Scroll            |       |     6 |     9 |     6 |     2 ||    23
       Potion            |       |       |       |       |     4 ||     4
 Stab: Sleeping          |       |       |       |     6 |       ||     6
       Distracted        |       |       |       |     2 |     3 ||     5
Armor: Leather armour    |     8 |     9 |       |       |       ||    17
       Shadow dragon sca |       |       |    86 |   226 |   259 ||   571
Dodge: Dodged            |    26 |    30 |    46 |   111 |   156 ||   369
Block: Kite shield       |       |       |       |     1 |     1 ||     2
       Other             |       |       |       |       |    96 ||    96
